 Dungeon Crawl Stone Soup version 0.29.1-12-g30fa7ad0bf (webtiles) character file.

Game seed: 130996288989529176

9128 retardedninja the Fighter (level 11, -7/100 HPs)
             Began as a Minotaur Fighter on Jan 11, 2023.
             Mangled by a yak (9 damage)
             ... on level 9 of the Dungeon.
             The game lasted 00:14:27 (12435 turns).

retardedninja the Fighter (Minotaur Fighter)       Turns: 12435, Time: 00:14:27

Health: -7/100     AC: 20    Str: 24    XL:     11   Next: 19%
Magic:  10/10      EV:  8    Int:  5    God:
Gold:   383        SH: 18    Dex: 17    Spells: 10/10 levels left

rFire   . . .      SeeInvis .   c - +2 war axe (chaos)
rCold   . . .      Faith    .   n - +1 tower shield
rNeg    . . .      Spirit   .   E - +0 plate armour
rPois   .          Reflect  .   a - +0 hat {Stlth+}
rElec   .          Harm     .   j - +2 cloak
rCorr   .          Rampage  .   C - +0 pair of gloves
Will    .....                   k - +0 pair of boots
Stlth   ..........              (no amulet)
HPRegen 0.26/turn               d - +6 ring of dexterity
MPRegen 0.12/turn               A - +4 ring of evasion

@: no status effects
A: horns 2, retaliatory headbutt
a: no special abilities


You were on level 9 of the Dungeon.
You visited 2 branches of the dungeon, and saw 11 of its levels.

You collected 383 gold pieces.

Inventory:

Hand Weapons
 c - a +2 war axe of chaos (weapon)
Armour
 a - a +0 hat of stealth (worn)
 j - a +2 cloak (worn)
 k - a +0 pair of boots (worn)
 n - a +1 tower shield (worn)
 C - a +0 pair of gloves (worn)
 E - a +0 plate armour (worn)
Jewellery
 d - a +6 ring of dexterity (left hand)
 A - a +4 ring of evasion (right hand)
Wands
 g - a wand of flame (53)
 z - a wand of iceblast (7)
Scrolls
 f - a scroll of amnesia
 i - 2 scrolls of identify
 m - a scroll of fog
Potions
 b - a potion of lignification
 e - 2 potions of brilliance
 h - 4 potions of attraction
 q - 2 potions of flight
 x - a potion of magic


   Skills:
 + Level 10.2 Fighting
 + Level 9.8 Axes
 + Level 10.1 Armour
 + Level 10.2 Shields
 + Level 7.0 Evocations


You had 10 spell levels left.
You didn't know any spells.
Your spell library contained the following spells:

 Spells                   Type           Power      Damage    Failure   Level
 Shock                    Conj/Air       0%         1d3       100%        1
 Ignite Poison            Fire/Tmut/Pois 0%         N/A       100%        3
 Mephitic Cloud           Conj/Pois/Air  0%         N/A       100%        3
 Swiftness                Air            0%         N/A       100%        3
 Airstrike                Air            0%         2d(0-16)  100%        4
 Freezing Cloud           Conj/Ice/Air   0%         6-21      100%        5


Dungeon Overview and Level Annotations

Branches:
Dungeon (10/15)            Temple (1/1) D:7            Lair (0/5) D:9
    Orc: D:9-12

Altars:
Ashenzari
Cheibriados
Dithmenos
Elyvilon
Fedhas
Gozag
Kikubaaqudgha
Makhleb
Nemelex Xobeh
Okawaru
Qazlal
Ru
Sif Muna
Trog
Uskayaw
Vehumet
Wu Jian
Xom
Yredelemnul
Zin
The Shining One

Shops:
D:2 (

Annotations:
D:7 2 transporters, ThatPearl's ghost, novice DgAE


Innate Abilities, Weirdness & Mutations

You have a pair of horns on your head.
You reflexively headbutt those who attack you in melee.


Message History

The orc wizard attacks as you move away!
You block the orc wizard's attack.
The orc warrior hits you with a +0 broad axe!
Something gores you but does no damage.
The orc wizard shouts!
You hear a shout!
The orc warrior attacks as you move away!
You block the orc warrior's attack. Something hits you but does no damage.
Something gores you. The orc wizard casts a spell at you.
The magic dart hits you!
There is a stone staircase leading up here.
The orc warrior hits you but does no damage.
The orc warrior hits you with a +0 broad axe!
* * * LOW HITPOINT WARNING * * *
Something gores you.
* * * LOW HITPOINT WARNING * * *
You climb upwards.
Reactivating autopickup.
There is a stone staircase leading down here.
You feel better. The orc warrior barely misses you.
Something gores you but does no damage.
Deactivating autopickup; reactivate with Ctrl-A.
You feel better.
The orc warrior hits you with a +0 broad axe!!
* * * LOW HITPOINT WARNING * * *
The orc warrior closely misses you. Something gores you.
* * * LOW HITPOINT WARNING * * *
Okay, then.
You closely miss the orc warrior.
The orc warrior is almost dead.
You barely miss something. The orc warrior barely misses you.
Something gores you but does no damage.
The orc warrior hits you with a +0 broad axe.
* * * LOW HITPOINT WARNING * * *
You closely miss the orc warrior.
You headbutt the orc warrior, but do no damage.
The orc warrior is almost dead.
You hit something but do no damage. You block the orc warrior's attack.
Something gores you!
You die...

###.#####...## #..........
.............####### #..........
#..≈≈≈≈≈≈≈≈≈.......# #..........
#..≈.......≈....(..# #..........
#..≈.≈≈≈≈≈.≈.......####..........
#..≈.≈.._≈.≈..(......##..........
#..≈.≈.≈≈≈.≈.......#.##..........
#....≈.....≈...o...#..#..........
##.≈≈≈≈≈≈≈≈≈....@..##.'..........
...≈.....≈.....{...####..........
#.†≈.≈≈≈.≈.≈.#.##### #..........
#..≈.≈_..≈.≈.#.# #..........
##.≈.≈≈≈≈≈.≈.#.# #..........
#.≈.......≈...# ##....#.>.#
#.≈≈≈≈≈≈≈≈≈...# #.........
#...........#.# #.........
##########....# #.#.......


You could see an orc warrior (berserk).

Vanquished Creatures
  Gastronok (D:8)
  A two-headed ogre (D:9)
  3 death yaks
  Maurice (D:8)
  Maggie (D:7)
  A kobold demonologist (D:9)
  Grinder (D:4)
  Prince Ribbit (D:9)
  A hornet (D:9)
  7 yaks
  Grum (D:8)
  A steam dragon (D:6)
  2 water moccasins
  An ice beast (D:8)
  3 black bears
  2 orc warriors
  A centaur (D:5)
  2 wolves (D:8)
  2 ogres (D:5)
  4 bullfrogs
  A kobold brigand (D:9)
  A scorpion (D:4)
  A necrophage (D:3)
  3 wights
  9 killer bees
  3 howler monkeys
  4 jellies
  3 orc priests
  Crazy Yiuf (D:5)
  A hound (D:6)
  4 iguanas
  3 orc wizards
  3 hell rats
  A mummy (D:6)
  A gnoll (D:1)
  6 adders
  A river rat (D:9)
  A shadow imp (D:7)
  2 white imps (D:5)
  4 worms
  30 orcs
  4 endoplasms
  6 giant cockroaches
  A goblin (D:2)
  6 hobgoblins
  6 jackals
  9 kobolds
  4 quokkas
  4 ball pythons
  5 bats
  5 rats
170 creatures vanquished.

Notes
Turn   | Place    | Note
-------+----------+-------------------------------------------
     0 | D:1      | retardedninja the Minotaur Fighter began the quest for the
                  | Orb.
     0 | D:1      | Reached XP level 1. HP: 19/19 MP: 0/0
    62 | D:1      | Found a faded altar of an unknown god.
   436 | D:1      | Reached XP level 2. HP: 22/27 MP: 1/1
  1029 | D:2      | Reached XP level 3. HP: 33/33 MP: 2/2
  1507 | D:2      | Found a glowing golden altar of the Shining One.
  1821 | D:2      | Found Kosioc's Antique Weapon Shoppe.
  2030 | D:3      | Found an ornate altar of the Wu Jian Council.
  2051 | D:3      | Reached XP level 4. HP: 40/40 MP: 3/3
  2366 | D:3      | Noticed a necrophage
  2370 | D:3      | Killed a necrophage
  2371 | D:3      | Reached skill level 1 in Evocations
  2371 | D:3      | Reached XP level 5. HP: 45/47 MP: 4/4
  2404 | D:3      | Noticed a black bear
  2415 | D:3      | Killed a black bear
  2956 | D:4      | Found a stormy altar of Qazlal.
  2991 | D:4      | Reached skill level 5 in Fighting
  2991 | D:4      | Reached skill level 5 in Armour
  2991 | D:4      | Reached skill level 5 in Shields
  2991 | D:4      | Reached XP level 6. HP: 33/56 MP: 5/5
  3548 | D:4      | Noticed Grinder
  3551 | D:4      | Paralysed by Grinder for 3 turns
  3558 | D:4      | Killed Grinder
  3559 | D:4      | Reached XP level 7. HP: 38/61 MP: 6/6
  4301 | D:5      | Entered Level 5 of the Dungeon
  4310 | D:5      | Reached skill level 5 in Axes
  4721 | D:5      | Reached XP level 8. HP: 43/70 MP: 7/7
  4992 | D:5      | Found a broken altar of Ashenzari.
  5100 | D:5      | Found a runed translucent door.
  5101 | D:5      | Noticed Crazy Yiuf
  5449 | D:5      | Killed Crazy Yiuf
  6106 | D:6      | Found a bloodstained altar of Trog.
  6296 | D:6      | Found a snail-covered altar of Cheibriados.
  6812 | D:6      | Found a glowing golden altar of the Shining One.
  6812 | D:6      | Found a glowing silver altar of Zin.
  6814 | D:6      | Found a white marble altar of Elyvilon.
  7025 | D:6      | Found an ancient bone altar of Kikubaaqudgha.
  7279 | D:6      | Found a shadowy altar of Dithmenos.
  7830 | D:7      | Noticed Maggie
  7830 | D:7      | Found a staircase to the Ecumenical Temple.
  7837 | Temple   | Entered the Ecumenical Temple
  8198 | D:7      | Reached XP level 9. HP: 70/79 MP: 8/8
  8603 | D:7      | Killed Maggie
  9054 | D:7      | Noticed ThatPearl's ghost (novice DgAE)
  9075 | D:7      | Found a transporter.
  9080 | D:7      | Found a transporter.
  9282 | D:8      | Noticed Gastronok
  9285 | D:8      | Noticed Grum
  9295 | D:8      | Reached skill level 5 in Evocations
  9302 | D:8      | Killed Gastronok
  9303 | D:8      | Reached XP level 10. HP: 39/90 MP: 9/9
  9655 | D:8      | Killed Grum
  9725 | D:8      | Noticed Maurice
  9736 | D:8      | Killed Maurice
  9852 | D:8      | Found a sparkling altar of Nemelex Xobeh.
 10510 | D:9      | Noticed a death yak
 10512 | D:9      | Noticed a death yak
 10512 | D:9      | Noticed a death yak
 11158 | D:8      | Killed a death yak
 11160 | D:8      | Killed a death yak
 11623 | D:9      | Found a hide-covered altar of Uskayaw.
 11647 | D:9      | Found a burning altar of Makhleb.
 11658 | D:9      | Noticed a two-headed ogre
 11663 | D:9      | Killed a two-headed ogre
 11702 | D:9      | Noticed Prince Ribbit
 11732 | D:9      | Killed Prince Ribbit
 11939 | D:9      | Found a radiant altar of Vehumet.
 11953 | D:9      | Killed a death yak
 11954 | D:9      | Reached skill level 10 in Fighting
 11954 | D:9      | Reached skill level 10 in Shields
 11954 | D:9      | Reached XP level 11. HP: 71/99 MP: 10/10
 11955 | D:9      | Reached skill level 10 in Armour
 12152 | D:9      | Found a staircase to the Lair.
 12213 | D:9      | Found an opulent altar of Gozag.
 12407 | D:10     | Entered Level 10 of the Dungeon
 12433 | D:9      | HP: 2/100 [something (4)]
 12435 | D:9      | Mangled by a yak

Illustrated notes

Levels and vault maps discovered:
D:1:      giann_horns, layout_basic, hellmonk_ecumenical_altar_zigzags,
          nicolae_wormholes
D:2:      layout_loops_ring, serial_shops, nicolae_shop_trees, basic_altar
D:3:      layout_basic, nicolae_wu_jian_wuxing_cycle
D:4:      layout_layer_cave, nicolae_qazlal_general_emergency, uniq_grinder
D:5:      layout_rooms, nicolae_overflow_crystal_walls, enter_ossuary_2,
          amcnicky_mini_pool_small, minmay_misc_feat_rugged,
          roderic_serpentine_path, uniq_crazy_yiuf_cottage
D:6:      layout_loops_ring, dreamdust_divine_triumvirate, bloody_trog,
          kiku_gazebo_pond_becter, slow_altar_1,
          nicolae_dithmenos_through_a_glass_darkly
D:7:      layout_rooms, minmay_temple_entry_crystal_x, gammafunk_ghost_hive,
          kennysheep_minor_cross, uniq_maggie
D:8:      layout_cave_pools, nemelex_diamond_rough_becter, uniq_maurice,
          uniq_gastronok, uniq_grum
D:9:      layout_roguey, mainiacjoe_overflow_concentric_impassable,
          lemuel_doored_altar, mainiacjoe_overflow_catwalk_spiral,
          dpeg_lair_monsters, uniq_prince_ribbit1
D:10:     layout_big_octagon, mainiacjoe_overflow_surrounded_room, serial_shops,
          shop_fountains, uniq_josephine
Temple:   hellmonk_temple_beads

Skill      XL: |  1  2  3  4  5  6  7  8  9 10 11 |
---------------+----------------------------------+-----
Shields        | 4 5 6 7 8 10 | 10.2
Fighting       | 4 5 6 7 8 10 | 10.2
Armour         | 4 5 6 7 8 9 10 | 10.1
Axes           | 3 4 5 6 8 9 |  9.8
Evocations     | 1 2 3 4 5 6 7 |  7.0

Action                   |  1- 3 |  4- 6 |  7- 9 | 10-12 || total
-------------------------+-------+-------+-------+-------++-------
Melee: War axe           |    81 |    58 |   235 |   117 ||   491
       Headbutt          |    13 |    10 |    40 |    31 ||    94
Evoke: Wand              |       |       |       |     5 ||     5
  Use: Potion            |       |     1 |     3 |     5 ||     9
       Scroll            |       |       |    22 |     5 ||    27
 Stab: Invisible         |       |       |     3 |       ||     3
Armor: Scale mail        |    39 |    38 |    40 |       ||   117
       Chain mail        |       |       |    32 |       ||    32
       Plate armour      |       |       |    49 |    69 ||   118
       Skin              |       |       |       |    12 ||    12
Dodge: Dodged            |    26 |    23 |    76 |    48 ||   173
Block: Buckler           |     3 |       |       |       ||     3
       Tower shield      |    38 |    55 |   218 |   150 ||   461
